 Dungeon Crawl Stone Soup version 0.28.0-1-gb440e238dd (webtiles) character file.

Game seed: 4445109882728734156

164 Ablot the Grasshopper (level 5, -13/43 HPs)
             Began as a Gnoll Warper on Feb 22, 2022.
             Mangled by a two-headed ogre (21 damage)
             ... on level 4 of the Dungeon.
             The game lasted 00:06:09 (3302 turns).

Ablot the Grasshopper (Gnoll Warper)                Turns: 3302, Time: 00:06:09

Health: -13/43     AC:  7    Str: 19    XL:     5   Next: 45%
Magic:  12/12      EV: 13    Int: 12    God:
Gold:   85         SH:  0    Dex: 11    Spells: 12/14 levels left

rFire   . . .      SeeInvis .   a - +0 spear
rCold   . . .      Faith    .   (no shield)
rNeg    . . .      Spirit   .   v - +2 leather armour {Will+}
rPois   .          Reflect  .   (no helmet)
rElec   .          Harm     .   (no cloak)
rCorr   .          Rampage  .   m - +0 pair of gloves
Will    +....                   o - +0 pair of boots
Stlth   +.........              (no amulet)
HPRegen 0.14/turn               f - +6 ring of strength
MPRegen 0.13/turn               (no ring)

@: no status effects
A: fangs 1, strong nose, distributed training
a: no special abilities


You were on level 4 of the Dungeon.
You visited 1 branch of the dungeon, and saw 4 of its levels.

You collected 165 gold pieces.
You spent 80 gold pieces at shops.

Inventory:

Hand Weapons
 a - a +0 spear (weapon)
Missiles
 d - 5 boomerangs of dispersal
 e - 100 stones
 g - 19 arrows
 l - 40 bolts
 p - 2 boomerangs (quivered)
 q - 5 datura-tipped darts
Armour
 m - a +0 pair of gloves (worn)
 o - a +0 pair of boots (worn)
 v - a +2 leather armour of willpower (worn)
Magical Staves
 t - a staff of air
 x - a staff of earth
Jewellery
 f - a +6 ring of strength (left hand)
 y - a ring of ice
Scrolls
 b - a scroll of brand weapon {unknown}
 c - a scroll of blinking
 h - 2 scrolls of enchant armour {unknown}
 i - 2 scrolls of teleportation {unknown}
 j - 2 scrolls of identify {unknown}
 s - 2 scrolls of immolation {unknown}
 w - a scroll of vulnerability {unknown}
Potions
 k - a potion of cancellation {unknown}
 n - 2 potions of degeneration {unknown}
 r - a potion of brilliance {unknown}
 u - 2 potions of lignification {unknown}
 z - a potion of magic {unknown}
 A - a potion of heal wounds
 B - a potion of attraction


   Skills:
 + Level 4.8 Fighting
 + Level 1.5 Short Blades
 + Level 1.5 Long Blades
 + Level 1.5 Axes
 + Level 1.5 Maces & Flails
 + Level 4.8 Polearms
 + Level 1.5 Staves
 + Level 1.5 Slings
 + Level 1.5 Bows
 + Level 1.5 Crossbows
 + Level 3.0 Throwing
 + Level 3.0 Armour
 + Level 4.8 Dodging
 + Level 1.5 Stealth
 + Level 1.5 Shields
 + Level 1.5 Unarmed Combat
 + Level 5.2 Spellcasting
 + Level 1.2 Conjurations
 + Level 1.2 Hexes
 + Level 1.2 Summonings
 + Level 1.2 Necromancy
 + Level 5.5 Translocations
 + Level 1.2 Transmutations
 + Level 1.2 Fire Magic
 + Level 1.2 Ice Magic
 + Level 1.2 Air Magic
 + Level 1.2 Earth Magic
 + Level 1.2 Poison Magic
 + Level 1.7 Invocations
 + Level 1.5 Evocations


You had 12 spell levels left.
You knew the following spells:

 Your Spells              Type           Power      Damage    Failure   Level
a - Blink                 Tloc           32%        N/A       3%          2

Your spell library contained the following spells:

 Spells                   Type           Power      Damage    Failure   Level
 Gell's Gravitas          Tloc           16%        N/A       7%          3
 Lesser Beckoning         Tloc           16%        N/A       7%          3
 Teleport Other           Tloc           16%        N/A       7%          3
 Slow                     Hex            24%        N/A       14%         1
 Confusing Touch          Hex            6%         N/A       38%         3
 Vampiric Draining        Necr           6%         2d6       38%         3
 Manifold Assault         Tloc           16%        N/A       54%         5


Dungeon Overview and Level Annotations

Branches:
Dungeon (4/15)
 Temple: D:4-7

Altars:
Fedhas

Shops:
D:3 (   D:4 *


Innate Abilities, Weirdness & Mutations

You have very sharp teeth.
Your uncanny sense of smell can sniff out nearby items.
Your experience applies equally to all skills.


Message History

The two-headed ogre hits you with a +0 giant spiked club!!
Ouch! That really hurt!
* * * LOW HITPOINT WARNING * * *
The two-headed ogre misses you.
Unknown command.
Casting: Blink (safe; 3% risk of failure)
Confirm with . or Enter, or press ? or * to list all spells.
You blink.
Throw: 2 boomerangs
Press: ? - help, Q - select action, (/) - cycle Shift-Dir - straight line, f/p - two-headed ogre
Aim: a two-headed ogre, wielding a +0 giant spiked club and a +0 giant club (moderately wounded, 74% to hit)
You throw a boomerang. The boomerang hits the two-headed ogre.
The two-headed ogre is heavily wounded.
Throw: 2 boomerangs
Press: ? - help, Q - select action, (/) - cycle Shift-Dir - straight line, f/p - two-headed ogre
Aim: a two-headed ogre, wielding a +0 giant spiked club and a +0 giant club (heavily wounded, 74% to hit)
You throw a boomerang.
The boomerang hits the two-headed ogre but does no damage.
The two-headed ogre is heavily wounded.
You feel stable enough to blink again.
Things that are here:
a +0 club; a goblin corpse
Things that are here:
a +0 dagger; a +0 chain mail; an orc corpse You barely miss the two-headed ogre.
The two-headed ogre is moderately wounded.
You hit the two-headed ogre.
The two-headed ogre is heavily wounded.
The two-headed ogre closely misses you.
The two-headed ogre hits you but does no damage.
You hit the two-headed ogre.
You bite the two-headed ogre, but do no damage.
The two-headed ogre is heavily wounded.
The two-headed ogre barely misses you. x2
You hit the two-headed ogre but do no damage.
The two-headed ogre is heavily wounded.
You hit the two-headed ogre.
The two-headed ogre is heavily wounded.
The two-headed ogre hits you with a +0 giant spiked club!!
You die...

### ..# #.# #.# ####
#############.# ..#
............#.# #.#
###########.#.#######.#
#<# #...SO@.....# #.#
#######)######### #.#
........#.......# #.#
.#####..#.......# #.#
#..........##### #.#
#......8.<.∩.8.# .#.
#..
#.##.......###.....# #
..# #. #.......# ###
.## .. #.......#


You could see a two-headed ogre and a ball python.

Vanquished Creatures
  An orc priest (D:2)
  6 adders
  A worm (D:2)
  A dart slug (D:2)
  9 orcs
  5 ball pythons
  2 bats (D:1)
  7 endoplasms
  4 giant cockroaches
  4 hobgoblins
  7 quokkas
  2 frilled lizards (D:3)
  6 goblins
  2 kobolds
  6 rats
63 creatures vanquished.

Vanquished Creatures (others)
  4 plants
4 creatures vanquished.

Grand Total: 67 creatures vanquished

Notes
Turn   | Place    | Note
-------+----------+-------------------------------------------
     0 | D:1      | Ablot the Gnoll Warper began the quest for the Orb.
     0 | D:1      | Reached XP level 1. HP: 20/20 MP: 6/6
   310 | D:1      | Reached XP level 2. HP: 12/26 MP: 7/7
   503 | D:1      | Learned a level 2 spell: Blink
   892 | D:1      | Reached XP level 3. HP: 31/31 MP: 9/9
  1011 | D:2      | Reached skill level 5 in Spellcasting
  1020 | D:2      | Reached skill level 1 in Invocations
  1325 | D:2      | Reached skill level 1 in Short Blades
  1325 | D:2      | Reached skill level 1 in Long Blades
  1325 | D:2      | Reached skill level 1 in Axes
  1325 | D:2      | Reached skill level 1 in Maces & Flails
  1325 | D:2      | Reached skill level 1 in Staves
  1325 | D:2      | Reached skill level 1 in Slings
  1325 | D:2      | Reached skill level 1 in Bows
  1325 | D:2      | Reached skill level 1 in Crossbows
  1325 | D:2      | Reached skill level 1 in Stealth
  1325 | D:2      | Reached skill level 1 in Shields
  1325 | D:2      | Reached skill level 1 in Unarmed Combat
  1325 | D:2      | Reached skill level 1 in Evocations
  1338 | D:2      | Reached XP level 4. HP: 12/38 MP: 11/11
  1646 | D:2      | Reached skill level 1 in Conjurations
  1646 | D:2      | Reached skill level 1 in Hexes
  1646 | D:2      | Reached skill level 1 in Summonings
  1646 | D:2      | Reached skill level 1 in Necromancy
  1646 | D:2      | Reached skill level 1 in Transmutations
  1646 | D:2      | Reached skill level 1 in Fire Magic
  1646 | D:2      | Reached skill level 1 in Ice Magic
  1646 | D:2      | Reached skill level 1 in Air Magic
  1646 | D:2      | Reached skill level 1 in Earth Magic
  1646 | D:2      | Reached skill level 1 in Poison Magic
  2464 | D:3      | Reached XP level 5. HP: 43/43 MP: 12/12
  2818 | D:3      | Found Nini's Antique Weapon Shoppe.
  3256 | D:4      | Found Afaut's General Store.
  3264 | D:4      | Bought a potion of heal wounds for 50 gold pieces
  3264 | D:4      | Bought a potion of attraction for 30 gold pieces
  3270 | D:4      | Noticed a two-headed ogre
  3273 | D:4      | Found a blossoming altar of Fedhas.
  3302 | D:4      | Mangled by a two-headed ogre

Illustrated notes

Levels and vault maps discovered:
D:1:      dpeg_arrival_orchard, layout_rooms, kennysheep_pointless_box
D:2:      layout_loops_corners
D:3:      layout_loops_ring, serial_shops, nicolae_shop_overgrown_old_shop
D:4:      layout_loops_ring, fedhas_ov_isle_minmay, serial_shops, shop_statue

Skill      XL: |  1  2  3  4  5 |
---------------+----------------+-----
Spellcasting   | 5 |  5.2
Invocations    | 1 |  1.7
Short Blades   | 1 |  1.5
Long Blades    | 1 |  1.5
Axes           | 1 |  1.5
Maces & Flails | 1 |  1.5
Staves         | 1 |  1.5
Slings         | 1 |  1.5
Bows           | 1 |  1.5
Crossbows      | 1 |  1.5
Stealth        | 1 |  1.5
Shields        | 1 |  1.5
Unarmed Combat | 1 |  1.5
Evocations     | 1 |  1.5
Conjurations   | 1 |  1.2
Hexes          | 1 |  1.2
Summonings     | 1 |  1.2
Necromancy     | 1 |  1.2
Transmutations | 1 |  1.2
Fire Magic     | 1 |  1.2
Ice Magic      | 1 |  1.2
Air Magic      | 1 |  1.2
Earth Magic    | 1 |  1.2
Poison Magic   | 1 |  1.2
Throwing       | 3 |  3.0
Armour         | 3 |  3.0
Fighting       | |  4.8
Polearms       | |  4.8
Dodging        | |  4.8
Translocations | |  5.5

Action                   |  1- 3 |  4- 6 || total
-------------------------+-------+-------++-------
Melee: Spear             |   116 |   148 ||   264
       Bite              |    11 |    12 ||    23
       Punch             |     2 |     3 ||     5
Throw: Boomerang         |       |     5 ||     5
 Cast: Blink             |       |     1 ||     1
 Stab: Sleeping          |     2 |     2 ||     4
Armor: Leather armour    |    13 |    23 ||    36
       Ring mail         |       |     5 ||     5
Dodge: Dodged            |    58 |    65 ||   123
